Description

PvT Standard Blink into Charge opener from meeK taught by GM Toss Haffey.

Replay - cloudM PvT Standard (meeK BO)

Build Order

Get SALT Encoding   

  12  0:00  Probe  
  14  0:14  Probe  
  14  0:18  Pylon  
  14  0:26  Probe (Chrono Boost)  
  15  0:37  Probe (Chrono Boost)  
  15  0:40  Gateway  
  16  0:46  Probe  
  17  0:52  Assimilator  
  17  0:58  Probe (Chrono Boost)  
  18  1:10  Probe (Chrono Boost)  
  19  1:21  Nexus  
  19  1:32  Cybernetics Core  
  19  1:34  Probe  
  20  1:45  Pylon  
  20  1:46  Probe  
  21  1:49  Assimilator  
  21  1:58  Probe  
  22  2:05  Stalker (Chrono Boost)  
  24  2:10  Warp Gate  
  25  2:42  Twilight Council  
  30  2:51  Sentry  
  31  3:00  Gateway  
  31  3:08  Gateway  
  33  3:17  Stalker  
  35  3:26  Blink (Chrono Boost)  
  39  3:48  Pylon  
  40  3:58  Stalker x2  
  46  4:08  Shield Battery x2  
  46  4:11  Stalker  
  47  4:26  Stalker x2  
  53  4:42  Pylon  
  53  4:46  Robotics Facility  
  53  4:49  Pylon  
  53  4:55  Assimilator  
  55  5:00  Assimilator  
  57  5:14  Nexus  
  57  5:27  Zealot x3  
  63  5:31  Templar Archives  
  67  5:48  Zealot x3  
Spawning Tool Build Advisor. Get it on Overwolf

Analysis

This is the best way to defend drops and the sentry hallucinating PHX every 75 seconds is big in identifying whats coming. after initial PHX scout the second one is used to inflict damage with the blink stalkers going to the main much like PartinG does.

Go to:

Details

  • Created by: meek_sc2
  • Published on: May 29, 2020
  • Modified on: May 29, 2020
  • Patch: 4.11.0
  • Difficulty: Medium
Show
View Real Time Build Order
Export as new Build Order

Comments (0)

There are no comments. Be the first!

Create an account to comment!